 Dungeon Crawl Stone Soup version 0.30.1-11-g7821555f0a (webtiles) character file.

Game seed: 931292910270581605

97778 Immmp the Executioner (level 15, 0/147 HPs)
             Began as a Minotaur Berserker on Nov 4, 2023.
             Was a High Priest of Trog.
             Killed from afar by an efreet (30 damage)
             ... with a bolt of fire
             ... on level 14 of the Dungeon on Nov 7, 2023.
             The game lasted 03:24:06 (30176 turns).

Immmp the Executioner (Minotaur Berserker)         Turns: 30176, Time: 03:24:07

Health: 0/147      AC: 30    Str: 38    XL:     15   Next: 73%
Magic:  14/14      EV:  8    Int:  8    God:    Trog [*****.]
Gold:   937        SH:  0    Dex: 11    Spells: 14/14 levels left

rFire   . . .        T - +5 executioner's axe (heavy) {Mörkerhuggaren}
rCold   + . .        (shield currently unavailable)
rNeg    + . .        G - +2 crystal plate armour {rC+}
rPois   +            k - +2 hat
rElec   .            w - scarf of the Comet {+Inv, Fly}
rCorr   .            b - +2 pair of gloves
SInv    +            B - +0 pair of boots {Alfred}
Will    ++++.        Q - amulet of the Four Winds {rN+ Will+++ Clar} Stlth
                     i - ring "Ceiloij" {rPois Str+4 Int+4 SInv}
HPRegen 0.44/turn    s - +6 ring of strength
MPRegen 0.14/turn

%: clarity
@: flying
A: horns 2, retaliatory headbutt, talons 1, wild magic 1
a: Renounce Religion, Evoke Invisibility, Berserk, Trog's Hand, Brothers in Arms


You were on level 14 of the Dungeon.
You worshipped Trog.
Trog was extremely pleased with you.
You visited 3 branches of the dungeon, and saw 21 of its levels.
You also visited: Sewer, Gauntlet and Ice Cave.

You collected 2244 gold pieces.
You spent 1307 gold pieces at shops.

Inventory:

Hand Weapons
 u - the +6 flail "Deud" {flame, rF- Dex+6}
   (You found it on level 8 of the Dungeon)

   Dex:       It affects your dexterity (+6).
   rF:        It makes you vulnerable to fire.
 I - a +8 battleaxe
 T - a +5 heavy executioner's axe (weapon) {Mörkerhuggaren}
Missiles
 g - 3 javelins (quivered)
 n - 23 boomerangs
 t - a throwing net
 A - 4 silver boomerangs
 V - 10 silver javelins
Armour
 b - a +2 pair of gloves (worn)
 k - a +2 hat (worn)
 w - the scarf of the Comet (worn) {+Inv, Fly}
   (You found it on level 13 of the Dungeon)

   Fly:       It grants you flight.
 B - a +0 pair of boots (worn) {Alfred}
 D - a scarf of harm
 G - a +2 crystal plate armour of cold resistance (worn)
Jewellery
 i - the ring "Ceiloij" (left hand) {rPois Str+4 Int+4 SInv}
   (You found it in a Gauntlet)

   [ring of see invisible]

   Str:       It affects your strength (+4).
   Int:       It affects your intelligence (+4).
   rPois:     It protects you from poison.
   SInv:      It lets you see invisible.
 o - a ring of fire
 q - a +5 ring of evasion
 s - a +6 ring of strength (right hand)
 N - the ring "Uvyschiu" {Ice rElec Stlth+}
   (You found it in an ice cave)

   [ring of ice]

   It enhances your ice magic.
   rF:        It makes you vulnerable to fire.
   rC:        It protects you from cold.
   rElec:     It insulates you from electricity.
   Stlth:     It makes you more stealthy.
 O - a +6 ring of intelligence
 Q - the amulet of the Four Winds (around neck) {rN+ Will+++ Clar}
   (You bought it in a shop on level 2 of the Orcish Mines)

   [amulet of nothing]

   rN:        It protects you from negative energy.
   Clar:      It protects you from confusion, rage, mesmerisation and fear.
   Will:      It greatly increases your willpower.
 Y - a ring of resist corrosion
Wands
 v - a wand of flame (28)
 y - a wand of digging (9)
 F - a wand of iceblast (10)
 H - a wand of charming (33)
 K - a wand of light (11)
Scrolls
 a - 7 scrolls of identify
 c - 2 scrolls of fog
 d - 3 scrolls of vulnerability
 l - a scroll of magic mapping
 p - 8 scrolls of teleportation
 x - 3 scrolls of immolation
 C - a scroll of silence
 J - a scroll of blinking
 L - a scroll of poison
Potions
 f - 6 potions of heal wounds
 h - 3 potions of haste
 j - 5 potions of attraction
 m - 5 potions of curing
 z - 6 potions of cancellation
 E - 3 potions of ambrosia
 M - 2 potions of might
 P - 7 potions of flight
 R - a potion of resistance
 S - a potion of invisibility
 U - 3 potions of berserk rage
 W - a potion of lignification
Miscellaneous
 X - a piece from Xom's chessboard (15/15)
 Z - a phial of floods


   Skills:
 * Level 17.1 Fighting
 - Level 24.0(24.2) Axes
 - Level 5.9(16.8) Polearms
 + Level 8.7 Throwing
 + Level 11.5 Armour
 - Level 2.1 Dodging
 - Level 1.9 Stealth


You had 14 spell levels left.
You didn't know any spells.
Your spell library was empty.

Dungeon Overview and Level Annotations

Branches:
Dungeon (14/15)            Temple (0/1) D:6            Lair (5/5) D:10
 Shoals (0/4) Lair:2       Spider (0/4) Lair:3        Slime (0/5) Lair:4
    Orc (2/2) D:11            Elf (0/3) Orc:2        Vaults (0/5) D:13
  Sewer (visited)           IceCv (visited)         Gauntlet (visited)

Altars:
Ashenzari
Dithmenos
Fedhas
Kikubaaqudgha
Makhleb
Okawaru
Sif Muna
Uskayaw
Xom
The Shining One
Lugonu

Shops:
Orc:2 !=!!

Portals:
Abyss: Lair:5

Annotations:
D:14 Agnes, Kirke


Innate Abilities, Weirdness & Mutations

You have a pair of horns on your head.
You reflexively headbutt those who attack you in melee.
You have sharp toenails.
Your spells are a little harder to cast, but a little more powerful.


Message History

You hear a shout!
A nearby plant withers and dies.
You chop one of the five-headed hydra's heads off!
The four-headed hydra grows two more!
You slice the six-headed hydra!!
The six-headed hydra is severely wounded.
The meliai calls down the wrath of its god upon you.
Something smites you!
The six-headed hydra bites you but does no damage. x6
The efreet gestures at you.
The bolt of fire hits you but does no damage.
A boulder beetle comes into view.
The meliai attacks as you move away! The meliai hits you but does no damage.
The meliai stings you but does no damage.
The meliai closely misses you. You furiously retaliate!
You headbutt the meliai! The meliai stings you.
You slash the meliai!
You kill the meliai!
Trog accepts your kill.
You barely miss the six-headed hydra.
Agnes the Wanderer comes into view.
She is wielding a +3 spectral lajatang.
The six-headed hydra barely misses you. The six-headed hydra bites you!
The six-headed hydra bites you but does no damage. x3
The six-headed hydra bites you.
* * * LOW HITPOINT WARNING * * *
Agnes shouts!
Blink to where?
Press: ? - help, Q - select action, (/) - cycle Dir - move target A tengu conjurer comes into view.
It is wielding a +0 war axe.
As you read the scroll of blinking, it crumbles to dust.
The tengu conjurer shouts!
The tengu conjurer points at you and mumbles some strange words.
The bolt of lightning hits you!
* * * LOW HITPOINT WARNING * * *
Kirke points at you and mumbles some strange words.
You resist with almost no effort.
There is a stone staircase leading up here.
The boulder beetle curls into a ball and begins rolling!
The efreet gestures at you. The bolt of fire hits you!!
You die... #§§§§....!.##.)§§... ##§§§§§§....# hu.....

...####...........##.uu....
#.....§)Ru..........h.##.#
####....D°............. @.
#i#.P......@.......
...#.._i............ ###
#.P.P............
#....B...@.......
#................
.....=.....#####.#
##.........# #.......###
#..Q... ....... .......


You could see Kirke, Agnes, a boulder beetle (rolling), a six-headed hydra, 4
ugly things, an efreet, 2 hogs and a tengu conjurer.

Vanquished Creatures
  Gastronok (Lair:1)
  An azure jelly (IceCv)
  2 quicksilver oozes (IceCv)
  A broodmother (shapeshifter) (Lair:5)
  An ironbound preserver (D:13)
  Nessos (Lair:4)
  A minotaur (Gauntlet)
  Snorg (D:11)
  Josephine (Lair:5)
  2 great orbs of eyes (Gauntlet)
  4 hydras
  3 boulder beetles
  2 ogre magi (Orc:2)
  2 centaur warriors (D:13)
  12 two-headed ogres
  11 death yaks
  3 thrashing horrors (Lair:5)
  A tengu warrior (D:13)
  3 skysharks
  Sonja (Orc:1)
  2 deep trolls (Orc:2)
  An orb spider (Lair:3)
  A lindwurm (Lair:5)
  A harpy (shapeshifter) (D:13)
  10 ugly things
  An orc knight (Orc:1)
  2 deep elf pyromancers
  An orc sorcerer (Orc:1)
  7 cyclopes
  A manticore (D:13)
  10 elephants
  Joseph (Lair:1)
  4 black mambas
  A gargoyle (D:12)
  3 ice statues (IceCv)
  8 cane toads
  2 smoke demons (Lair:5)
  2 unseen horrors
  9 komodo dragons
  A rime drake (Lair:5)
  3 tengu conjurers
  3 ancient zymes (Lair:5)
  A polar bear (Lair:1)
  12 trolls
  3 meliai (D:14)
  A hornet (D:9)
  24 blink frogs
  14 slime creatures
  A snapping turtle (shapeshifter) (Lair:5)
  A large abomination (Lair:5)
  A snapping turtle (Lair:2)
  4 spriggans
  23 yaks
  2 ynoxinuls (Lair:5)
  3 shadows
  4 wraiths
  2 vampires
  4 wyverns
  7 basilisks (Lair:5)
  Grum (D:11)
  14 small abominations (Lair:5)
  A chaos spawn (Lair:5)
  2 steam dragons
  14 vampire mosquitoes
  3 wargs (Orc:2)
  A swamp worm (shapeshifter) (D:10)
  5 acid dragons
  17 water moccasins
  A floating eye (shapeshifter) (Lair:5)
  24 orc warriors
  A black bear (D:6)
  2 great orb of eyes simulacra (IceCv)
  6 ice beasts
  20 ogres
  27 wolves
  22 centaurs
  3 slime creature simulacra (IceCv)
  2 kobold brigands
  8 bullfrogs
  5 scorpions
  5 glowing shapeshifter simulacra (IceCv)
  17 wights
  19 killer bees
  2 howler monkeys (D:9)
  4 electric eels
  3 jellies
  A gnoll bouda (Orc:1)
  15 orc priests
  5 hounds
  4 iguanas
  3 sleepcaps
  24 orc wizards
  2 shapeshifter simulacra (IceCv)
  11 adders
  4 gnolls (Orc:1)
  A river rat (D:5)
  A shadow imp (D:6)
  3 worms
  A dart slug (D:4)
  75 orcs
  8 bats
  12 endoplasms
  5 giant cockroaches
  10 goblins
  6 hobgoblins
  8 jackals
  15 kobolds
  6 quokkas
  5 ball pythons
  3 frilled lizards
  7 rats
699 creatures vanquished.

Vanquished Creatures (collateral kills)
  A quicksilver ooze (IceCv)
  A boulder beetle (Lair:3)
2 creatures vanquished.

Grand Total: 701 creatures vanquished

Notes
Turn   | Place    | Note
-------+----------+-------------------------------------------
     0 | D:1      | Immmp the Minotaur Berserker began the quest for the Orb.
     0 | D:1      | Reached XP level 1. HP: 19/19 MP: 0/0
   201 | D:1      | Reached skill level 4 in Axes
   201 | D:1      | Reached XP level 2. HP: 25/27 MP: 1/1
   400 | D:1      | Reached XP level 3. HP: 31/34 MP: 2/2
   459 | D:1      | Reached ** piety under Trog
  1474 | D:3      | Noticed an ice beast
  1489 | D:3      | Killed an ice beast
  1490 | D:3      | Reached skill level 5 in Fighting
  1490 | D:3      | Reached skill level 6 in Axes
  1490 | D:3      | Reached XP level 4. HP: 42/42 MP: 3/3
  1490 | D:3      | Reached XP level 5. HP: 48/48 MP: 4/4
  1756 | D:3      | Found a faded altar of an unknown god.
  2135 | D:4      | Reached skill level 7 in Axes
  2205 | D:4      | Reached XP level 6. HP: 56/56 MP: 5/5
  2286 | D:4      | Reached *** piety under Trog
  2353 | D:4      | Reached skill level 8 in Axes
  2842 | D:4      | Reached XP level 7. HP: 61/61 MP: 6/6
  3260 | D:5      | Entered Level 5 of the Dungeon
  3283 | D:5      | Reached skill level 9 in Axes
  3284 | D:5      | Found a glowing drain.
  3297 | Sewer    | Entered a sewer
  3581 | D:5      | Reached skill level 10 in Axes
  3771 | D:5      | Noticed a wyvern
  3777 | D:5      | Killed a wyvern
  4272 | D:5      | Found an iron altar of Okawaru.
  4641 | D:6      | Noticed a two-headed ogre
  4649 | D:6      | Killed a two-headed ogre
  4650 | D:6      | Reached skill level 12 in Axes
  4650 | D:6      | Reached XP level 8. HP: 68/68 MP: 7/7
  4693 | D:6      | Reached skill level 1 in Throwing
  4702 | D:6      | Reached skill level 13 in Axes
  4917 | D:6      | Reached **** piety under Trog
  5040 | D:6      | Found a staircase to the Ecumenical Temple.
  5120 | D:6      | Noticed a cyclops
  5133 | D:6      | Killed a cyclops
  5134 | D:6      | Reached skill level 14 in Axes
  5134 | D:6      | Reached skill level 1 in Stealth
  5134 | D:6      | Reached XP level 9. HP: 74/74 MP: 8/8
  5236 | D:6      | Reached skill level 5 in Armour
  6081 | D:7      | Found an ancient bone altar of Kikubaaqudgha.
  6146 | D:7      | Found a shimmering altar of Xom.
  6363 | D:7      | Reached XP level 10. HP: 79/88 MP: 9/9
  6476 | D:7      | Reached skill level 15 in Axes
  6531 | D:7      | Noticed a two-headed ogre
  6540 | D:7      | Killed a two-headed ogre
  7386 | D:8      | You fall into a shaft and drop 1 floor!
  7396 | D:9      | Found a hide-covered altar of Uskayaw.
  7404 | D:9      | Reached skill level 16 in Axes
  7428 | D:9      | Found a shimmering blue altar of Sif Muna.
  7580 | D:9      | Found a shadowy altar of Dithmenos.
  7580 | D:9      | Found a glowing golden altar of the Shining One.
  7614 | D:8      | Found an iron altar of Okawaru.
  7725 | D:8      | Reached skill level 17 in Axes
  7861 | D:8      | Identified the +6 flail "Deud" {flame, rF- Dex+6}
  8362 | D:8      | Found a broken altar of Ashenzari.
  9193 | D:9      | Reached XP level 11. HP: 66/94 MP: 10/10
  9336 | D:9      | Reached skill level 18 in Axes
 10281 | D:10     | Entered Level 10 of the Dungeon
 10569 | D:10     | Reached skill level 19 in Axes
 10623 | D:10     | Reached ***** piety under Trog
 10757 | D:10     | Found a burning altar of Makhleb.
 10782 | D:10     | Gained mutation: You sometimes lose your temper in combat.
                  | [potion of mutation]
 10782 | D:10     | Gained mutation: You have large cloven feet. [potion of
                  | mutation]
 10978 | D:10     | Found a staircase to the Lair.
 11034 | D:10     | Noticed a seven-headed hydra
 11035 | D:10     | Noticed a deep elf pyromancer
 11133 | D:10     | Killed a seven-headed hydra
 11204 | D:10     | Killed a deep elf pyromancer
 11205 | D:10     | Reached skill level 20 in Axes
 11369 | Lair:1   | Entered Level 1 of the Lair of Beasts
 11369 | Lair:1   | Noticed Joseph
 11378 | Lair:1   | Killed Joseph
 11571 | Lair:1   | Noticed Gastronok
 11609 | Lair:1   | Killed Gastronok
 11609 | Lair:1   | Received a gift from Trog
 11610 | Lair:1   | Reached XP level 12. HP: 87/106 MP: 11/11
 12633 | Lair:2   | Noticed a death yak
 12633 | Lair:2   | Noticed a death yak
 12659 | Lair:2   | Killed a death yak
 12661 | Lair:2   | Killed a death yak
 12665 | Lair:2   | Noticed a death yak
 12667 | Lair:2   | Noticed a death yak
 12667 | Lair:2   | Noticed a death yak
 12685 | Lair:2   | Noticed a death yak
 12686 | Lair:2   | Killed a death yak
 12687 | Lair:2   | Killed a death yak
 12688 | Lair:2   | Killed a death yak
 12691 | Lair:2   | Killed a death yak
 12692 | Lair:2   | Reached skill level 21 in Axes
 13639 | Lair:2   | Found a staircase to the Shoals.
 14170 | Lair:3   | Reached skill level 22 in Axes
 14238 | Lair:3   | Noticed a boulder beetle
 14250 | Lair:3   | Killed a boulder beetle
 14820 | Lair:3   | Reached XP level 13. HP: 113/113 MP: 12/12
 15267 | Lair:3   | Identified the +1 robe of the Armoured One {Str+6 Dex-5
                  | SInv}
 15272 | Lair:3   | Found a hole to the Spider Nest.
 15955 | Lair:3   | Reached skill level 23 in Axes
 16595 | Lair:4   | Noticed Nessos
 16616 | Lair:4   | Killed Nessos
 17051 | Lair:4   | Found a runed translucent door.
 17051 | Lair:4   | Found a staircase to the Slime Pits.
 18464 | D:11     | Found a shadowy altar of Dithmenos.
 18525 | D:11     | Noticed Snorg
 18532 | D:11     | Killed Snorg
 18765 | D:11     | Found a staircase to the Orcish Mines.
 18851 | D:11     | Reached skill level 24 in Axes
 18908 | D:11     | Noticed Grum
 18914 | D:11     | Killed Grum
 19630 | Orc:1    | Entered Level 1 of the Orcish Mines
 19630 | Orc:1    | You fall into a shaft and drop 1 floor!
 19630 | Orc:2    | Entered Level 2 of the Orcish Mines
 19637 | Orc:2    | Found a frozen archway.
 19720 | IceCv    | Entered an ice cave
 19733 | IceCv    | Reached skill level 1 in Polearms
 19811 | IceCv    | Reached skill level 10 in Fighting
 20322 | IceCv    | Noticed a quicksilver ooze
 20328 | IceCv    | Killed a quicksilver ooze
 20733 | IceCv    | Noticed a quicksilver ooze
 20739 | IceCv    | Killed a quicksilver ooze
 20884 | IceCv    | Found a viscous altar of Jiyva.
 20884 | IceCv    | Noticed an azure jelly
 20888 | IceCv    | Noticed a quicksilver ooze
 20889 | IceCv    | Killed an azure jelly
 20894 | IceCv    | Killed a quicksilver ooze
 20909 | IceCv    | Got the ring "Uvyschiu" {Ice rElec Stlth+}
 20922 | IceCv    | Lost mutation: You have large cloven feet. [potion of
                  | mutation]
 20922 | IceCv    | Lost mutation: You sometimes lose your temper in combat.
                  | [potion of mutation]
 20922 | IceCv    | Gained mutation: You have sharp toenails. [potion of
                  | mutation]
 20922 | IceCv    | Gained mutation: Your spells are a little harder to cast,
                  | but a little more powerful. [potion of mutation]
 21173 | Orc:2    | Found Futti's Distillery.
 21181 | Orc:2    | Reached skill level 5 in Throwing
 21181 | Orc:2    | Reached XP level 14. HP: 122/124 MP: 13/13
 21194 | Orc:2    | Reached skill level 5 in Polearms
 21208 | Orc:2    | Found Kefops's Distillery.
 21435 | Orc:2    | Found a staircase to the Elven Halls.
 21448 | Orc:2    | Found Utagimutt's Jewellery Shoppe.
 21455 | Orc:2    | Found Jeet Tue's Distillery.
 21480 | Orc:2    | Bought the amulet of the Four Winds {rN+ Will+++ Clar} for
                  | 789 gold pieces
 21480 | Orc:2    | Found the amulet of the Four Winds {rN+ Will+++ Clar}
 21511 | Orc:2    | Bought a potion of heal wounds for 70 gold pieces
 21511 | Orc:2    | Bought a potion of heal wounds for 70 gold pieces
 21528 | Orc:2    | Bought 2 potions of heal wounds for 140 gold pieces
 21538 | Orc:2    | Bought a potion of heal wounds for 70 gold pieces
 21538 | Orc:2    | Bought a potion of invisibility for 112 gold pieces
 21538 | Orc:2    | Bought a potion of might for 56 gold pieces
 21898 | Orc:1    | Noticed Sonja
 21903 | Orc:1    | Killed Sonja
 22355 | Orc:1    | Received a gift from Trog
 23404 | D:12     | Found a gate leading to a gauntlet.
 23435 | D:12     | Received a gift from Trog
 23545 | Gauntlet | Entered a Gauntlet
 23545 | Gauntlet | Found a transporter.
 23545 | Gauntlet | Found a transporter.
 23545 | Gauntlet | Found a transporter.
 23554 | Gauntlet | Found a transporter.
 23564 | Gauntlet | Found a transporter.
 23579 | Gauntlet | Found a transporter.
 23589 | Gauntlet | Found a transporter.
 23604 | Gauntlet | Found a transporter.
 23606 | Gauntlet | Found a large runed translucent door.
 23607 | Gauntlet | Found a large runed translucent door.
 23608 | Gauntlet | Found a large runed translucent door.
 23608 | Gauntlet | Found a large runed translucent door.
 23609 | Gauntlet | Found a runed translucent gate.
 23610 | Gauntlet | Found a transporter.
 23610 | Gauntlet | Found a runed translucent gate.
 23611 | Gauntlet | Found a runed translucent gate.
 23612 | Gauntlet | Found a large runed translucent door.
 23612 | Gauntlet | Found a large runed translucent door.
 23613 | Gauntlet | Found a large runed translucent door.
 23614 | Gauntlet | Found a large runed translucent door.
 23624 | Gauntlet | Found a transporter.
 23625 | Gauntlet | Found a large runed translucent door.
 23625 | Gauntlet | Found a large runed translucent door.
 23625 | Gauntlet | Found a runed translucent door.
 23626 | Gauntlet | Found a large runed translucent door.
 23627 | Gauntlet | Found a large runed translucent door.
 23629 | Gauntlet | Found a transporter.
 23630 | Gauntlet | Found a runed translucent door.
 23636 | Gauntlet | Found a large runed translucent door.
 23636 | Gauntlet | Found a large runed translucent door.
 23637 | Gauntlet | Found a large runed translucent door.
 23638 | Gauntlet | Found a large runed translucent door.
 23658 | Gauntlet | Found a transporter.
 23902 | Gauntlet | Identified the amulet "Lumoilocw" {Faith +Inv rF+ Dex-5}
 23954 | Gauntlet | Identified the ring "Ceiloij" {rPois Str+4 Int+4 SInv}
 24864 | D:13     | Identified the scarf of the Comet {+Inv, Fly}
 25323 | D:13     | Found a gate to the Vaults.
 25436 | D:13     | Noticed an ironbound preserver
 25445 | D:13     | Killed an ironbound preserver
 25644 | D:13     | Reached skill level 15 in Fighting
 26220 | Lair:5   | Entered Level 5 of the Lair of Beasts
 26234 | Lair:5   | Reached XP level 15. HP: 106/141 MP: 14/14
 26721 | Lair:5   | Noticed Josephine
 26732 | Lair:5   | Reached skill level 10 in Armour
 26735 | Lair:5   | Killed Josephine
 26736 | Lair:5   | Received a gift from Trog
 28550 | Lair:5   | Reached ****** piety under Trog
 29139 | Lair:5   | Received a gift from Trog
 29326 | Lair:5   | Found a corrupted altar of Lugonu.
 29326 | Lair:5   | Found a one-way gate to the infinite horrors of the Abyss.
 29336 | Lair:5   | Identified the staff of conjuration "Typud" {rF+}
 30150 | D:14     | Found a blossoming altar of Fedhas.
 30161 | D:14     | Noticed Kirke
 30173 | D:14     | Noticed Agnes
 30176 | D:14     | Killed from afar by an efreet

Illustrated notes

Levels and vault maps discovered:
D:1:      beargit_arrival_diablo_church, layout_rooms
D:2:      layout_basic
D:3:      layout_basic, hellmonk_ecumenical_altar_heavens_door,
          dk_noncrumbling_3, minmay_misc_feat_iff, minmay_unequal
D:4:      layout_gridville, serial_park_tiny_2
D:5:      layout_rooms, lemuel_doored_altar, portal_sewer_entry_a,
          supply_closet_lemuel
D:6:      layout_basic, temple_pool_b, chequers_serial_rivers_micro_c,
          small_statue_intersection, kb_rosetta
D:7:      layout_basic, xom_teletrap_fun, nicolae_kikubaaqudgha_miasma_corner,
          minmay_misc_feat_ornament
D:8:      layout_gridville, mainiacjoe_overflow_cross_hatched, moated_statue,
          grunt_decor_resistance, kennysheep_small_circle
D:9:      layout_big_octagon, nicolae_uskayaw_suspiria,
          mainiacjoe_overflow_catwalk, gammafunk_temple_overflow_elements
D:10:     minmay_chambers_of_sixes, layout_basic, bloody_makhleb,
          grunt_lair_entry_orc_guard_hut
D:11:     layout_basic, orc_0_dummy, nicolae_dithmenos_shadow_blocks,
          uniq_snorg, uniq_grum
D:12:     layout_basic, gauntlet_entry_generic, minivault_22,
          reono_crystal_passage, st_stairs_14
D:13:     layout_long_grid, skrybe_vaults_entry_preservation
D:14:     layout_rooms, fedhas_altar_1, uniq_kirke, uniq_agnes
Lair:1:   layout_big_grid, serial_rivers, chequers_serial_rivers_small_a,
          chequers_serial_rivers_large_b, chequers_serial_rivers_small_b,
          chequers_serial_rivers_room_b, wad_woods_02, uniq_joseph,
          uniq_gastronok
Lair:2:   layout_cave_shapes, minmay_shoals_entry_hut, serial_bayou_shore_b,
          infiniplex_staircase_pool
Lair:3:   layout_small_grid, nicolae_spider_entry_orb_guardian,
          small_statue_intersection, serial_bayou_pond_c,
          cheibrodos_lair_reptile_den
Lair:4:   layout_regular_city, slime_entry_2, serial_bayou_shore_b, uniq_nessos
Lair:5:   hellmonk_lair_end_abyssal_woods, layout_misc_corridors, uniq_josephine
Orc:1:    layout_caves, uniq_sonja
Orc:2:    st_orc_open, layout_diamond_mine, portal_ice_cave_entry_pillars_2

Skill      XL: |  1  2  3  4  5  6  7  8  9 10 11 12 13 14 15 |
---------------+----------------------------------------------+-----
Fighting       | 4 5 8 9 11 15 17 | 17.1
Axes           | 4 6 7 8 12 14 17 20 22 24 | 24.0
Throwing       | 1 3 5 7 8 |  8.7
Stealth        | 1 |  1.9
Armour         | 5 6 7 9 11 | 11.5
Polearms       | 4 5 |  5.9
Dodging        | |  2.1

Action                     |  1- 3 |  4- 6 |  7- 9 | 10-12 | 13-15 || total
---------------------------+-------+-------+-------+-------+-------++-------
  Melee: Hand axe          |   103 |   119 |   140 |       |       ||   362
         Headbutt          |    17 |    13 |    31 |    51 |    92 ||   204
         Punch             |       |     2 |     2 |       |       ||     4
         Battleaxe         |       |       |    30 |   243 |       ||   273
         Flail             |       |       |       |     2 |       ||     2
         Executioner's axe |       |       |       |    90 |   528 ||   618
  Throw: Javelin           |       |       |     2 |     1 |    10 ||    13
         Boomerang         |       |       |       |     1 |       ||     1
 Invoke: Berserk           |     1 |       |     3 |     5 |     6 ||    15
         Trog's Hand       |     1 |       |     1 |     1 |     2 ||     5
         Brothers in Arms  |       |       |       |     1 |     3 ||     4
  Evoke: Wand              |       |       |       |     5 |    10 ||    15
    Use: Scroll            |     1 |       |     8 |    28 |    13 ||    50
         Potion            |       |       |     1 |     8 |     8 ||    17
 Armour: Plate armour      |    64 |    54 |    85 |   166 |    35 ||   404
         Crystal plate arm |       |       |       |       |   423 ||   423
  Dodge: Dodged            |    37 |    45 |   126 |   227 |   245 ||   680
